Description

fe

Build Order

Get SALT Encoding   

  12  0:00  Probe  split /chrono
  13  0:12  Probe  kamera hotkeys
  14  0:17  Pylon   minimap schauen supplycount schauen
  14  0:24  Probe (Chrono Boost)  atmen augen schließen
  15  0:36  Probe (Chrono Boost)  
  15  0:38  Gateway  
  16  0:43  Probe (Chrono Boost)  atmen
  16  0:47  Assimilator  
  17  0:51  Probe  
  18  1:04  Probe  chrono
  19  1:16  Probe  
  20  1:25  Cybernetics Core  atmen
  20  1:35  Nexus  
  20  1:38  Probe   minimap schauen supplycount schauen
  21  1:45  Pylon  
  21  1:49  Assimilator  atmen
  21  1:51  Probe  
  22  2:02  Stalker (Chrono Boost)  
  22  2:03  Warp Gate  2.06 chrono
  27  2:30  Twilight Council  atmen
  27  2:38  Stalker   minimap schauen supplycount schauen
  27  2:44  Gateway  atmen
  32  2:58  Blink (Chrono Boost)  3.09 chrono augen schließen
  36  3:25  Robotics Facility  
  37  3:32  Pylon x2  atmen
  40  3:52  Stalker x2   minimap schauen supplycount schauen
  40  3:54  Assimilator x2  atmen
  47  4:07  Pylon  4.12 chrono
  48  4:14  Observer (Chrono Boost)  
  50  4:21  Stalker x2  atmen
  52  4:47  Observer, Nexus   minimap schauen supplycount schauen
  53  4:55  Robotics Bay, Forge  atmen
  54  5:00  Observer  
  54  5:03  Immortal (Chrono Boost)  5.15 chrono
  61  5:31  Protoss Ground Weapons Level 1  atmen
  61  5:37  Sentry  
  61  5:39  Observer x2  atmen
  61  5:40  Gateway x2  
  65  5:45  Colossus (Chrono Boost)   minimap schauen supplycount schauen
  65  5:47  Observer  atmen
  73  5:59  Extended Thermal Lance (Chrono Boost)  augen schließen
  76  6:15  Gateway x2  
  76  6:18  Charge  6.18 chrono
  76  6:24  Colossus (Chrono Boost)  atmen
  76  6:28  Shield Battery  
  85  6:38  Stalker x2  atmen
  89  6:42  Shield Battery   minimap schauen supplycount schauen
  91  6:53  Gateway x2  atmen
  91  7:02  Shield Battery  
  91  7:05  Colossus (Chrono Boost)  atmen
  91  7:07  Zealot  
  99  7:15  Stalker  7.21
  101  7:23  Zealot x3  atmen, minimap schauen supplycount schauen
  107  7:37  Zealot  
  110  7:46  Stalker  atmen
  110  7:49  Photon Cannon  
  123  8:05  Photon Cannon  8.14 chrono
  124  8:29  Assimilator x2  
  124  8:32  Disruptor (Chrono Boost)  atmen
  126  8:38  Protoss Ground Weapons Level 2 (Chrono Boost)  
  126  8:41  Zealot   minimap schauen supplycount schauen
  133  8:48  Dark Shrine  
  132  8:55  Photon Cannon  atmen
  132  9:00  Robotics Facility  
  132  9:02  Disruptor (Chrono Boost)  atmen
  133  9:14  Photon Cannon  
  133  9:16  Shield Battery  9.17 chrono augen schließen
  136  9:42  Zealot x3  atmen
  142  9:51  Disruptor (Chrono Boost)  atmen
  134  9:55  Robotics Facility, Stargate  
  134  9:59  Photon Cannon  atmen
  138  10:07  Photon Cannon, Zealot  
  138  10:09  Shield Battery  atmen
  140  10:19  Observer (Chrono Boost)  
  139  10:33  Photon Cannon  atmen
  147  10:38  Protoss Air Weapons Level 1  
  147  10:40  Stargate x2  atmen
  147  10:42  Fleet Beacon  
  147  10:44  Disruptor, Observer  atmen
  151  10:57  Nexus  
  146  11:20  Carrier (Chrono Boost)  atmen
  145  11:30  Carrier x2 (Chrono Boost)  
  171  11:34  Shield Battery  atmen
  169  12:08  Observer  
  170  12:12  Carrier x2 (Chrono Boost)  atmen
  186  12:33  Nexus  
  186  12:35  Carrier (Chrono Boost)  
  188  12:45  Gateway  atmen
  188  12:50  Observer  
  189  12:53  Protoss Air Weapons Level 2 (Chrono Boost)  
  189  12:55  Photon Cannon, Shield Battery  atmen
  197  13:21  Carrier x2 (Chrono Boost)  atmen
  192  13:44  Carrier (Chrono Boost)  
  200  14:21  Nexus  
Spawning Tool Build Advisor. Get it on Overwolf

Go to:

Details

  • Created by: lucahecker
  • Published on: Jun 16, 2022
  • Modified on: Jun 20, 2022
  • Patch: 4.11.0
  • Difficulty: Medium
Show
View Real Time Build Order
Export as new Build Order

Comments (0)

There are no comments. Be the first!

Create an account to comment!